 Dungeon Crawl Stone Soup version 0.21.1-1-g345015f (webtiles) character file.

25946 HammerPanzer the Fencer (level 12, -16/169 HPs)
             Began as a Yellow Draconian Berserker on Apr 7, 2018.
             Was the Champion of Trog.
             Demolished by Urug
             ... wielding a +4 demon trident of electrocution
              (17 damage)
             ... on level 13 of the Dungeon.
             The game lasted 00:53:41 (16736 turns).

HammerPanzer the Fencer (DrBe)                     Turns: 16736, Time: 00:53:42

Health: -16/169    AC: 10    Str: 29    XL:     12   Next: 94%
Magic:  0/12       EV: 12    Int:  9    God:    Trog [******]
Gold:   579        SH:  0    Dex: 10    Spells: 11/11 levels left

rFire    + . .     SeeInvis .   a - +7 great sword (holy)
rCold    + . .     Gourm    .   (shield currently unavailable)
rNeg     . . .     Faith    .   (armour unavailable)
rPois    .         Spirit   +   (helmet restricted)
rElec    .         Reflect  .   w - scarf {rC+ rF+}
rCorr    +         Harm     .   l - +1 pair of gloves
MR       .....                  (no boots)
Stlth    ..........             A - amulet of guardian spirit
HPRegen  0.38/turn              (no ring)
MPRegen  0.13/turn              (no ring)

@: berserking, very quick
A: spit acid, acid resistance, unfitting armour, cold-blooded, AC +8
a: Breathe Acid, Berserk, Trog's Hand, Brothers in Arms, Burn Spellbooks,
Renounce Religion


You were on level 13 of the Dungeon.
You worshipped Trog.
Trog was exalted by your worship.
You were hungry.

You visited 1 branch of the dungeon, and saw 14 of its levels.
You also visited: Ossuary.

You collected 579 gold pieces.

Inventory:

Hand Weapons
 a - a +7 great sword of holy wrath (weapon)
 o - a +2 long sword of electrocution
 z - a +2 falchion of slicing
 C - a +3 scimitar of flaming
Missiles
 v - 6 javelins of returning (quivered)
 x - 6 curare-tipped needles
Armour
 i - a +0 buckler
 l - a +1 pair of gloves (worn)
 w - a scarf of resistance (worn)
Jewellery
 A - an amulet of guardian spirit (around neck)
Wands
 t - a wand of flame (27)
 B - a wand of acid (13)
 E - a wand of paralysis (24)
Scrolls
 c - 2 scrolls of holy word
 e - a scroll of fear
 f - 6 scrolls of teleportation
 m - 5 scrolls of remove curse
 q - 2 scrolls of identify
 u - 2 scrolls of magic mapping
Potions
 d - 2 potions of magic
 g - 2 potions of mutation
 j - 3 potions of agility
 k - 2 potions of might
 n - a potion of berserk rage
 p - 2 potions of resistance
 r - a potion of haste
 s - 3 potions of lignification
 D - a potion of flight
 F - a potion of cancellation {unknown}
Miscellaneous
 y - a fan of gales
Comestibles
 b - 18 rations
 h - 16 chunks of flesh


   Skills:
 + Level 12.3 Fighting
 * Level 15.2 Long Blades
 + Level 10.1 Throwing
 - Level 2.6 Dodging


You had 11 spell levels left.
You didn't know any spells.

Dungeon Overview and Level Annotations

Branches:
Dungeon (14/15)            Temple (0/1) D:6            Lair (0/6) D:9
    Orc (0/2) D:10
 Vaults: D:13-14

Altars:
Ashenzari
Fedhas
Gozag
Hepliaklqana
Okawaru

Annotations:
D:13 Urug


Innate Abilities, Weirdness & Mutations

You can spit globs of acid.
You are resistant to acid.
Your golden yellow scales are hard. (AC +8)
You cannot fit into any form of body armour.
You are cold-blooded and may be slowed by cold attacks.


Message History

You are electrocuted!
A red film seems to cover your vision as you go berserk!
You feel yourself moving faster!
You feel mighty!
You are feeling hungry.
Urug hits you with a demon trident of electrocution!!
* * * LOW HITPOINT WARNING * * *
You slash Urug!
Urug is heavily wounded.
Urug hits you with a demon trident of electrocution!
* * * LOW HITPOINT WARNING * * *
You slice Urug!! You tail-slap Urug.
Urug is severely wounded.
You closely miss Urug. You tail-slap Urug!
Urug is almost dead.
Urug hits you with a demon trident of electrocution!!
* * * LOW HITPOINT WARNING * * *
You hit Urug.
Your tail-slap misses Urug.
Urug is almost dead.
Urug hits you with a demon trident of electrocution!
You die...

#### ### .... ..#
#..##.# #......
#.#...#.################
......o..((((...(((.....
.#...#@################
## #.# ..# .### #. #
######### .........
########. #.


You could see Urug.

Vanquished Creatures
  Frances (D:13)
  The ghost of Totori the Fighter, a journeyman HOFE of Ru (D:9)
  The ghost of Mirai the Fighter, a journeyman DsFi of Okawaru (D:12)
  6 two-headed ogres
  2 centaur warriors (D:13)
  The ghost of keltmir the Cleaver, a novice HOFi (D:5)
  4 unseen horrors (D:11)
  Pikel (D:4)
  2 deep elf magi
  3 ugly things
  A centaur skeleton (D:10)
  An efreet (D:13)
  4 trolls
  A hornet (D:10)
  Grinder (D:3)
  2 hippogriffs
  A vampire (D:13)
  4 yaks (D:10)
  A spriggan (D:7)
  Grum (D:9)
  A hungry ghost (D:10)
  3 wargs (D:9)
  Menkaure (D:5)
  Edmund (D:4)
  A hornet zombie (D:13)
  6 orc warriors
  2 black bears (D:9)
  5 ice beasts
  3 phantoms
  4 sky beasts
  A necrophage (D:10)
  8 ogres
  An eye of draining (D:8)
  4 wolves (D:9)
  14 centaurs
  A crocodile (D:9)
  An elf zombie (Ossuary)
  11 big kobolds
  3 gnoll sergeants (D:10)
  6 bullfrogs
  A wyvern zombie (D:13)
  5 scorpions
  6 killer bees
  An electric eel (D:6)
  7 crimson imps
  3 centaur zombies (Ossuary)
  2 human zombies (Ossuary)
  11 orc priests
  6 hounds
  3 jellies
  19 orc wizards
  5 bullfrog skeletons
  4 iguanas
  Natasha (D:3)
  7 worker ants
  A killer bee zombie (D:6)
  2 big kobold zombies (Ossuary)
  A hound zombie (D:9)
  A hound skeleton (D:11)
  2 mummies (Ossuary)
  2 worker ant zombies
  Robin (D:2)
  6 gnolls
  A howler monkey skeleton (D:8)
  12 adders
  2 shadow imps
  An ooze (D:6)
  3 adder zombies
  3 worms (D:3)
  A dart slug (D:1)
  8 leopard geckos
  63 orcs
  5 bats
  2 giant cockroaches (D:1)
  16 goblins
  11 hobgoblins
  14 jackals
  5 quokkas
  A ball python (D:1)
  A frilled lizard (D:1)
  9 hobgoblin zombies (Ossuary)
  A jackal skeleton (D:8)
  A jackal zombie (Ossuary)
  36 kobolds
  5 kobold zombies (Ossuary)
  10 orc zombies (Ossuary)
  2 rats
  2 rat zombies (Ossuary)
428 creatures vanquished.

Notes
Turn   | Place    | Note
-------+----------+-------------------------------------------
     0 | D:1      | HammerPanzer the Draconian Berserker began the quest for the Orb.
     0 | D:1      | Reached XP level 1. HP: 19/19 MP: 1/1
   405 | D:1      | Reached XP level 2. HP: 26/26 MP: 2/2
   545 | D:1      | Found an iron altar of Okawaru.
  1104 | D:2      | Reached XP level 3. HP: 31/33 MP: 3/3
  1161 | D:2      | Reached skill level 1 in Throwing
  1207 | D:2      | Reached ** piety under Trog
  1213 | D:2      | You fall through a shaft for 2 floors!
  1275 | D:3      | Reached skill level 4 in Long Blades
  1275 | D:3      | Reached XP level 4. HP: 40/40 MP: 4/4
  1340 | D:3      | Noticed Grinder
  1350 | D:3      | Killed Grinder
  1350 | D:3      | Reached skill level 5 in Long Blades
  1350 | D:3      | Reached XP level 5. HP: 21/47 MP: 5/5
  1350 | D:3      | Reached XP level 6. HP: 24/53 MP: 6/6
  1358 | D:2      | Noticed Robin
  1920 | D:2      | Killed Robin
  2145 | D:3      | Noticed Natasha
  2153 | D:3      | Killed Natasha
  2580 | D:4      | Reached skill level 5 in Fighting
  2594 | D:4      | Reached skill level 6 in Long Blades
  2638 | D:4      | Noticed Edmund
  2644 | D:4      | Killed Edmund
  2644 | D:4      | Reached *** piety under Trog
  2644 | D:4      | Your scales start taking on a golden yellow colour.
  2644 | D:4      | Reached XP level 7. HP: 61/61 MP: 7/7
  2776 | D:4      | Noticed Pikel
  2788 | D:4      | HP: 1/91 [slave[Pikel] (6)]
  2790 | D:4      | Killed Pikel
  2790 | D:4      | Reached skill level 7 in Long Blades
  2790 | D:4      | Reached XP level 8. HP: 2/70 MP: 8/8
  3215 | D:5      | Entered Level 5 of the Dungeon
  3219 | D:5      | Noticed keltmir's ghost (novice HOFi)
  3231 | D:5      | Killed keltmir's ghost
  3231 | D:5      | Reached skill level 8 in Long Blades
  3407 | D:5      | Reached skill level 5 in Throwing
  3869 | D:5      | Noticed Menkaure
  4198 | D:5      | Reached XP level 9. HP: 44/79 MP: 9/9
  4458 | D:5      | Killed Menkaure
  4458 | D:5      | Reached skill level 9 in Long Blades
  4650 | D:6      | Reached **** piety under Trog
  4703 | D:6      | Found a sand-covered staircase.
  4717 | Ossuary  | Entered an ossuary
  5198 | D:6      | Found a blossoming altar of Fedhas.
  5379 | D:6      | Reached ***** piety under Trog
  5609 | D:6      | Found an opulent altar of Gozag.
  5613 | D:6      | Reached skill level 10 in Long Blades
  5686 | D:6      | Found a staircase to the Ecumenical Temple.
  6735 | D:7      | Noticed a two-headed ogre
  6744 | D:7      | Killed a two-headed ogre
  6744 | D:7      | Reached XP level 10. HP: 31/90 MP: 10/10
  7395 | D:8      | Received a gift from Trog
  7432 | D:8      | Noticed a two-headed ogre
  7438 | D:8      | Killed a two-headed ogre
  7438 | D:8      | Reached skill level 11 in Long Blades
  7927 | D:8      | Noticed a two-headed ogre
  7934 | D:8      | Killed a two-headed ogre
  8116 | D:8      | You fall through a shaft!
  8118 | D:9      | Noticed Totori's ghost (journeyman HOFE)
  8136 | D:9      | Killed Totori's ghost
  8136 | D:9      | Reached skill level 12 in Long Blades
  8300 | D:8      | Noticed a deep elf mage
  8311 | D:8      | Killed a deep elf mage
  8405 | D:8      | Reached XP level 11. HP: 99/99 MP: 11/11
  8741 | D:9      | Noticed Grum
  8742 | D:9      | Reached skill level 10 in Fighting
  8745 | D:9      | Received a gift from Trog
  8749 | D:9      | Killed Grum
  9340 | D:9      | Found a staircase to the Lair.
  9614 | D:9      | Found a blossoming altar of Fedhas.
  9689 | D:9      | Received a gift from Trog
  9704 | D:9      | Found a hazy altar of Hepliaklqana.
  9738 | D:10     | Entered Level 10 of the Dungeon
  9770 | D:10     | Noticed a two-headed ogre
  9778 | D:10     | Killed a two-headed ogre
 10275 | D:10     | Found an opulent altar of Gozag.
 10441 | D:10     | Reached skill level 13 in Long Blades
 10510 | D:10     | Found a staircase to the Orcish Mines.
 10558 | D:10     | Reached ****** piety under Trog
 10585 | D:10     | Received a gift from Trog
 11536 | D:11     | Killed an unseen horror
 11637 | D:11     | Noticed a brown ugly thing
 11668 | D:11     | Killed a brown ugly thing
 11668 | D:11     | Received a gift from Trog
 12074 | D:11     | Killed an unseen horror
 12074 | D:11     | Reached XP level 12. HP: 72/110 MP: 8/12
 13611 | D:11     | Reached skill level 14 in Long Blades
 14015 | D:12     | Noticed Mirai's ghost (journeyman DsFi)
 14022 | D:12     | Killed Mirai's ghost
 14290 | D:12     | Found a shattered altar of Ashenzari.
 15177 | D:13     | Noticed a two-headed ogre
 15178 | D:13     | Noticed a centaur warrior
 15185 | D:13     | Killed a two-headed ogre
 15190 | D:13     | Killed a centaur warrior
 15346 | D:13     | Noticed a centaur warrior
 15364 | D:14     | Noticed a two-headed ogre
 15371 | D:14     | Killed a two-headed ogre
 15542 | D:13     | Killed a centaur warrior
 15867 | D:13     | Paralysed by an efreet for 7 turns
 15874 | D:13     | Noticed Frances
 15896 | D:13     | Killed Frances
 15896 | D:13     | Reached skill level 15 in Long Blades
 15896 | D:13     | Reached skill level 10 in Throwing
 16725 | D:13     | Noticed Urug
 16735 | D:13     | HP: 1/169 [Urug/demon trident of electrocution (18)]
 16736 | D:13     | Demolished by Urug

Skill      XL: |  1  2  3  4  5  6  7  8  9 10 11 12 |
---------------+-------------------------------------+-----
Throwing       | 1 2 3 4 5 6 7 9 10 | 10.1
Long Blades    | 4 5 6 7 8 10 12 13 15 | 15.2
Fighting       | 4 5 6 7 8 9 11 12 | 12.3
Dodging        | |  2.6

Action                   |  1- 3 |  4- 6 |  7- 9 | 10-12 || total
-------------------------+-------+-------+-------+-------++-------
Melee: Falchion          |    88 |   112 |       |       ||   200
       Tailslap          |     9 |    16 |    37 |    97 ||   159
       Long sword        |       |    12 |   264 |   392 ||   668
       Great sword       |       |       |       |   197 ||   197
Throw: Tomahawk          |    24 |       |       |       ||    24
       Javelin           |       |       |       |    23 ||    23
Invok: Berserk           |     1 |     5 |     6 |    13 ||    25
       Burn Spellbooks   |       |       |       |     3 ||     3
       Trog's Hand       |       |       |       |     2 ||     2
       Brothers in Arms  |       |       |       |     1 ||     1
 Abil: Breathe Acid      |       |       |    14 |    37 ||    51
  Use: Scroll            |     4 |     4 |     5 |    14 ||    27
       Potion            |       |       |     1 |     9 ||    10
 Stab: Sleeping          |     1 |     1 |       |     2 ||     4
  Eat: Chunk             |     1 |     9 |    15 |    39 ||    64
       Ration            |       |       |     2 |     4 ||     6
Armor: Skin              |    25 |    54 |    81 |   243 ||   403
Dodge: Dodged            |    52 |    81 |   137 |   282 ||   552
Block: Buckler           |     5 |    13 |    37 |    36 ||    91
       Rpst.: Falchion   |    18 |    21 |       |       ||    39
       Long sword        |       |     4 |    38 |    58 ||   100
       Great sword       |       |       |       |    16 ||    16
